Unix NetHack Version 5.0.0-0 post-release - last build Jun 10 2026 00:39:30 (3ee93aec679c4c4259841fe613dc97188e26a321,branch:main).

Game began 2026-06-26 17:36:31, ended 2026-06-26 22:19:29.

Eymerich, chaotic male elven Priest

                   --------.--
                   |.........|
                  #-.........|                               -----
                  #|.........|                              #....|
                  #|.........|                              #|...|
                  #|.........|                              #|...|
                  #-----|---+-                              #|...|
                  #     ##                                  #---.-
                 ##      ##                                 #   #
                 #       ###                                %   ######
         ------- #      # #                                 #        #
         |..?..| #    --|-.----                           ##%        #
         |...+.|##    |.......|    #  --.--.-              ##        ##
         |..+..-#     |.......|   ####.......              ##
         -------      |........####   |...<.|            @)##
                      |.......|       |.....|          ...
                      |.......|       -------        ....
                      ---------                     -----

Eymerich the Acolyte         St:11 Dx:13 Co:16 In:11 Wi:12 Ch:11  Chaotic
Dlvl:3  $:0  HP:0(35) Pw:78(78) AC:8  Xp:5 T:2588  Blind

Latest messages:
 The Kop Lieutenant throws a throwing star!
 The throwing star hits the kitten!
 Your kitten eats a garter snake corpse.
 The Kop Lieutenant throws a throwing star!
 The kitten is hit!
 The kitten is killed!
 What do you want to zap? [jmv or ?*]
 In what direction?
 You kill the Kop Lieutenant!
 You kill the Kop Sergeant!
 Welcome to experience level 5.
 You kill the coyote!
 F - 2 throwing stars.
 You hear some noises in the distance.
 F - 4 throwing stars (6 in total).
 G - a rubber hose.
 You see here a Kop Sergeant corpse.
 You kill the Keystone Kop!
 You attack thin air.
 The Kop Lieutenant hits!
 You hit the Kop Lieutenant.
 The Kop Lieutenant hits!
 What do you want to zap? [jmv or ?*]
 In what direction?
 The sleep ray hits the Kop Lieutenant.
 The sleep ray bounces!
 You hit the Kop Lieutenant!
 The immobile Kop Lieutenant seems to flinch.
 You kill the Kop Lieutenant!
 You hit the Kop Sergeant!
 You hit the Kop Sergeant.
 The Keystone Kop throws a cream pie!
 You are hit by a cream pie.
 Yecch!  You've been creamed.
 It hits!
 It hits!
 You kill it!
 It hits!
 You try to feel what is lying here on the doorway.
 You feel here a club.
 You hear a nearby zap.
 The wand misses you.
 The wand hits it!
 You hear a nearby zap.
 The wand hits you!
 You die...
 Dunfanaghy takes all your possessions.
 Do you want to see what you had when you died? [ynq] (y)
 Do you want to see your attributes? [ynq] (y)
 Do you want an account of creatures vanquished? [ynaq] (y)

Inventory:
 Weapons  (')')
  p - 29 blessed +0 arrows
  t - 12 +1 arrows
  n - 7 corroded +0 arrows
  l - a +0 sling
  F - 6 +0 shuriken
  R - a +0 orcish dagger
  a - a blessed +1 mace (weapon in right hand)
  E - a +1 rubber hose
  G - a +0 rubber hose
 Armor    ('[')
  r - a +0 orcish helm
  c - a +0 small shield
  u - a +0 oilskin cloak
  b - a +0 robe (being worn)
 Comestibles  ('%')
  e - 2 cloves of garlic
  g - a food ration
  f - a sprig of wolfsbane
  S - a tripe ration
  s - 3 lichen corpses
 Scrolls  ('?')
  C - a scroll of confuse monster
  z - a scroll of create monster
  w - a scroll of enchant armor
  x - a scroll of fire
  y - 3 blessed scrolls of identify
  q - a blessed scroll of remove curse
  A - a scroll of teleportation
 Spellbooks  ('+')
  W - a spellbook of identify
  X - a spellbook of levitation
 Potions  ('!')
  Z - 2 potions of gain energy
  Y - a potion of monster detection
  d - 3 potions of holy water
 Wands    ('/')
  v - a wand of digging (0:5)
  m - a wand of lightning (0:2)
  j - a wand of sleep (0:5)
 Tools    ('(')
  D - a blindfold
  O - a cursed lock pick

Eymerich the Priest's attributes:

Background:
 You were an Acolyte, a level 5 elven Priest.
 You were chaotic, on a mission for Set
 who was opposed by Mitra (lawful) and Crom (neutral).
 You were right-handed.
 You were in the Dungeons of Doom, on level 3.
 You entered the dungeon 2588 turns ago.
 It was nighttime.
 You had 201 experience points, 119 more were needed to attain level 6.

Basics:
 You had 0 out of 35 hit points.
 You had all 78 energy points (spell power).
 Your armor class was 8.
 Your wallet was empty.
 Autopickup was off.

Final Characteristics:
 Your strength was 11 (limit:18).
 Your dexterity was 13 (limit:18).
 Your constitution was 16 (limit:16).
 Your intelligence was 11 (limit:20).
 Your wisdom was 12 (limit:20).
 Your charisma was 11 (limit:18).

Final Status:
 You were temporarily blind.
 You weren't hungry.
 You were unencumbered.
 You were wielding a mace.
 You had basic skill with mace.

Final Attributes:
 You were piously aligned.
 You were sleep resistant.
 You had infravision.
 You were guarded.
 Your spell casting was enhanced by wearing a robe.
 You are dead.

Miscellaneous:
 You didn't encounter any bones levels.
 Total elapsed playing time was 52 minutes and 14 seconds.

Major events:
 Turn
    1: Eymerich the chaotic elven Priest entered the dungeon
 1484: attained the rank of Acolyte (level 3)
 2157: read a Discworld novel
 2432: stole 593 zorkmids worth of merchandise from Dunfanaghy's second-hand bookstore
 2588: killed by a wand

Spells:
 Name                 Level Category     Fail Retention
 detect monsters        1   divination     0%  76%-100%
 extra healing          3   healing       91%  76%-100%

Skills:
 Fighting Skills
   bare handed combat [Unskilled]
 Weapon Skills
   club               [Unskilled]
   mace               [Basic]
   morning star       [Unskilled]
   flail              [Unskilled]
   hammer             [Unskilled]
   quarterstaff       [Unskilled]
   polearms           [Unskilled]
   spear              [Unskilled]
   trident            [Unskilled]
   lance              [Unskilled]
   bow                [Unskilled]
   sling              [Unskilled]
   crossbow           [Unskilled]
   dart               [Unskilled]
   shuriken           [Unskilled]
   boomerang          [Unskilled]
   unicorn horn       [Unskilled]
 Spellcasting Skills
   healing spells     [Unskilled]
   divination spells  [Unskilled]
   clerical spells    [Basic]

Voluntary challenges:
 Character rerolling was not enabled.
 You never genocided any monsters.
 You never polymorphed an object.
 You never changed form.
 You used no wishes.
Achievements:
 You attained the rank of Acolyte.
 You entered a shop.
 You read from a Discworld novel.

 The Dungeons of Doom: levels 1 to 3
    Level 1: "vault"
       A fountain, a grave.
    Level 2: "chest 484 arrows"
       A fountain, a sink.
    Level 3: "vault" <- You were here.
       A scroll shop.
       Final resting place for
          you, killed by a wand.


Vanquished creatures:
  2 Kop Lieutenants
  a kitten
  7 Kop Sergeants
 an iguana
 an acid blob
  a coyote
  a hobbit
 15 Keystone Kops
  4 garter snakes
  2 geckos
  7 jackals
  3 foxes
  2 kobolds
  4 goblins
  a sewer rat
  4 grid bugs
  4 lichens
  7 newts
67 creatures vanquished.

No species were genocided or became extinct.

Game over:
                       ----------
                      /          \
                     /    REST    \
                    /      IN      \
                   /     PEACE      \
                  /                  \
                  |     Eymerich     |
                  |       0 Au       |
                  | killed by a wand |
                  |                  |
                  |                  |
                  |                  |
                  |       2026       |
                 *|     *  *  *      | *
        _________)/\\_//(\/(/\)/\//\/|_)_______

Goodbye Eymerich the Priest...

You died in The Dungeons of Doom on dungeon level 3 with 914 points,
and 0 pieces of gold, after 2588 moves.
You were level 5 with a maximum of 35 hit points when you died.

